 Dungeon Crawl Stone Soup version 0.30-a0-948-g4fa250aae5 (webtiles) character file.

Game seed: 4009625256902463698

309657 dolemite99 the Slayer (level 21, -1/206 HPs)
             Began as a Hill Orc Fighter on Mar 27, 2023.
             Was a Priest of the Shining One.
             Killed from afar by a deep elf annihilator (84 damage)
             ... with a crystal spear
             ... on level 3 of the Elven Halls.
             The game lasted 01:20:30 (54881 turns).

dolemite99 the Slayer (Hill Orc Fighter)           Turns: 54881, Time: 01:20:31

Health: -1/206     AC: 49    Str: 29      XL:     21   Next: 60%
Magic:  6/34       EV:  5    Int: 15 (16) God:    the Shining One [***...]
Gold:   4311       SH: 19    Dex: 10      Spells: 10/20 levels left

rFire   + . .      SeeInvis +    a - +4 eveningstar (flame)
rCold   . . .      Faith    +    Z - +0 tower shield
rNeg    + . .      Spirit   .    C - +14 crystal plate armour of Wegic {rC+ Int+2}
rPois   .          Reflect  .    D - +3 crown of Dyrovepreva {rElec Int+2 SInv}
rElec   +          Rampage  .    p - +0 cloak "Kesouguw" {Str+3}
rCorr   .                        d - +1 pair of gloves
Will    ++...                    g - +1 pair of boots Stlth
                                 P - amulet of faith
HPRegen 0.54/turn                x - ring of willpower
MPRegen 0.24/turn                k - ring of fire

@: glowing
A: no striking features
}: 1/15 runes: barnacled
a: Renounce Religion, Divine Shield, Cleansing Flame


You were on level 3 of the Elven Halls.
You worshipped the Shining One.
The Shining One was most pleased with you.
You visited 8 branches of the dungeon, and saw 35 of its levels.

You collected 5350 gold pieces.
You spent 1007 gold pieces at shops.
You donated 32 gold pieces to Zin.

Inventory:

Hand Weapons
 a - a +4 eveningstar of flaming (weapon)
 b - the +4 morningstar "Etud" {venom, rElec rC+ Int+2}
   (You bought it in a shop on level 2 of the Orcish Mines)

   Int:       It affects your intelligence (+2).
   rC:        It protects you from cold.
   rElec:     It insulates you from electricity.
 w - a +1 morningstar of holy wrath
Missiles
 u - 6 silver javelins
 F - 16 boomerangs (quivered)
 J - 2 throwing nets
 S - 11 poisoned darts
Armour
 d - a +1 pair of gloves (worn)
 g - a +1 pair of boots (worn)
 p - the +0 cloak "Kesouguw" (worn) {Str+3}
   (You found it on level 1 of the Shoals)

   Str:       It affects your strength (+3).
 C - the +14 crystal plate armour of Wegic (worn) {rC+ Int+2}
   (You acquired it on level 8 of the Dungeon)

   Int:       It affects your intelligence (+2).
   rC:        It protects you from cold.
 D - the +3 crown of Dyrovepreva (worn) {rElec Int+2 SInv}
   (You bought it in a shop on level 2 of the Orcish Mines)

   Int:       It affects your intelligence (+2).
   rElec:     It insulates you from electricity.
   SInv:      It lets you see invisible.
 Z - a +0 tower shield (worn)
Magical Staves
 X - a staff of fire
Jewellery
 k - a ring of fire (right hand)
 n - a +5 ring of evasion
 x - a ring of willpower (left hand)
 I - an amulet of reflection
 M - a ring of protection from cold
 P - an amulet of faith (around neck)
 U - a +6 ring of strength
 V - a +6 ring of strength
 W - a +4 ring of protection
 Y - a ring of protection from cold
Wands
 h - a wand of charming (37)
 j - a wand of polymorph (12)
 m - a wand of flame (15)
 z - a wand of iceblast (7)
 O - a wand of quicksilver (1)
Scrolls
 i - 2 scrolls of fog
 v - 6 scrolls of silence
 y - 5 scrolls of teleportation
 A - 20 scrolls of identify {@r1}
 E - 3 scrolls of immolation
 G - a scroll of fear
 H - 5 scrolls of magic mapping
 K - 5 scrolls of poison
 N - 6 scrolls of vulnerability
 R - 6 scrolls of blinking
 T - 5 scrolls of noise
Potions
 f - 4 potions of ambrosia
 l - 6 potions of attraction
 o - 3 potions of brilliance
 q - 2 potions of haste
 r - 5 potions of flight
 s - 20 potions of curing
 t - a potion of cancellation
 B - 2 potions of magic
 L - a potion of heal wounds
Miscellaneous
 c - a phial of floods (inert)
 e - a tin of tremorstones (inert)
 Q - a condenser vane (inert)


   Skills:
 + Level 21.8 Fighting
 - Level 7.3(13.8) Axes
 - Level 15.5(16.0) Maces & Flails
 - Level 12.9 Throwing
 - Level 17.8 Armour
 - Level 17.2 Shields
 - Level 18.0 Invocations
 - Level 9.8 Evocations


You had 10 spell levels left.
You knew the following spells:

 Your Spells              Type           Power      Damage    Failure   Level
a - Inner Flame           Hex/Fire       0%         N/A       100%        3
b - Teleport Other        Tloc           0%         N/A       100%        3
c - Summon Lightning Spi  Summ/Air       0%         N/A       100%        4

Your spell library contained the following spells:

 Spells                   Type           Power      Damage    Failure   Level
 Beastly Appendage        Tmut           0%         N/A       100%        1
 Foxfire                  Conj/Fire      0%         2x1d4     100%        1
 Magic Dart               Conj           0%         1d3       100%        1
 Shock                    Conj/Air       0%         1d3       100%        1
 Call Imp                 Summ           0%         N/A       100%        2
 Scorch                   Fire           0%         2d5       100%        2
 Wereblood                Tmut           0%         N/A       100%        2
 Gell's Gravitas          Tloc           0%         N/A       100%        3
 Kindle Blastsparks       Fire/Tloc/Air  0%         2d10      100%        3
 Mephitic Cloud           Conj/Pois/Air  0%         N/A       100%        3
 Spider Form              Tmut/Pois      0%         N/A       100%        3
 Swiftness                Air            0%         N/A       100%        3
 Airstrike                Air            0%         2d(0-16)  100%        4
 Animate Armour           Summ/Erth      0%         N/A       100%        4
 Cause Fear               Hex            0%         N/A       100%        4
 Passage of Golubria      Tloc           0%         N/A       100%        4
 Petrify                  Tmut/Erth      0%         N/A       100%        4
 Blade Hands              Tmut           0%         N/A       100%        5
 Metabolic Englaciation   Hex/Ice        0%         N/A       100%        5
 Plasma Beam              Fire/Air       0%         2x1d11    100%        5
 Dispersal                Tloc           0%         N/A       100%        6
 Iron Shot                Conj/Erth      0%         9d1       100%        6
 Statue Form              Tmut/Erth      0%         N/A       100%        6
 Ozocubu's Refrigeration  Ice            0%         4d7       100%        7
 Discord                  Hex            0%         N/A       100%        8


Dungeon Overview and Level Annotations

Branches:
Dungeon (15/15)            Temple (1/1) D:7            Lair (5/5) D:8
 Shoals (4/4) Lair:2        Snake (1/4) Lair:2        Slime (0/5) Lair:5
    Orc (2/2) D:9             Elf (3/3) Orc:2        Vaults (4/5) D:14
  Crypt (0/3) Vaults:3     Depths (0/4) D:15

Altars:
Ashenzari
Cheibriados
Dithmenos
Elyvilon
Fedhas
Gozag
Hepliaklqana
Kikubaaqudgha
Makhleb
Nemelex Xobeh
Okawaru
Qazlal
Ru
Sif Muna
Trog
Uskayaw
Vehumet
Wu Jian
Xom
Yredelemnul
Zin
The Shining One

Shops:
D:7 (   Orc:2 ([*[:   Elf:2 *   Shoals:4 :   Vaults:4 :

Annotations:
D:10 2 runed translucent doors
Temple 2 transporters
Shoals:4 exclusion: 2 oklob plants
Elf:2 5 runed translucent doors
Elf:3 Mara


Message History

The earth elemental disappears in a puff of smoke!
The deep elf annihilator points at you and mumbles some strange words.
The bolt of lightning hits you! You resist.
Your pack is full.
Things that are here:
a +4 long sword of freezing; a +1 leather armour of fire resistance; a ring of see invisible
Things that are here:
a +0 dagger; a +0 leather armour
Items here: ))))))))))))))))) [[[[[[[[[[.
You start resting.
A deep elf annihilator is nearby!
The deep elf annihilator casts a spell at you.
The crystal spear hits you!
The deep elf annihilator mumbles some strange words.
The deep elf annihilator blinks!
The deep elf annihilator mumbles some strange words.
The deep elf annihilator blinks!
Items here: ))))))))))))))))) [[[[[[[[[[.
Activating: Cleansing Flame (0% risk of failure)
Press: ? - help, Dir - look around, f - activate The golden flame engulfs you but does no damage.
The golden flame engulfs the deep elf annihilator!!!
The deep elf annihilator is heavily wounded.
You hear a shout!
The deep elf annihilator hits you but does no damage.
You barely miss the deep elf annihilator.
The deep elf annihilator is heavily wounded.
The deep elf annihilator casts a spell at you.
The crystal spear hits you!!!
Activating: Cleansing Flame (0% risk of failure)
Press: ? - help, Dir - look around, f - activate The golden flame engulfs you but does no damage.
You resist.
The golden flame engulfs the deep elf annihilator!!
The deep elf annihilator is almost dead.
The golden flame engulfs the deep elf annihilator!
The deep elf annihilator is lightly wounded.
The deep elf annihilator gestures at you while chanting.
The crystal spear hits you!!!!
You die...

*,,,,**,,,,...e,,***,,,,*####.#
*,,,***,,,,.)),,,,,**,,,* #.#
*,**,,,,,,*#e#*,,,,,***,****#.#
*,*,,,,,***#)###*,,,,,*,**,,..#
*,,,,,*** #)#..***,,,,,****###
*,,,*** #.#.# ###*,,,* *,***
#.#.###.#***,* *** #.#.##.##
*** ############..##@).# ###
.............§ee...# #.#
.........#####.#..)### #.#
.........# #.####).###.#
........## #.....).)...#
###.....# #.##.#...#### #######
#.......).##
#########.#####..#.# #
#.........######).## #


You could see 2 deep elf annihilators.

Vanquished Creatures
  Frederick (Vaults:4)
  Xtahua (Vaults:2)
  Jorgrun (Orc:2)
  Mlioglotl (Shoals:2)
  Zenata (Elf:2)
  2 deep elf blademasters (Elf:3)
  2 deep elf master archers (Elf:3)
  A kraken (Shoals:4)
  An ancient champion (Vaults:3)
  5 sphinxes
  Gastronok (Lair:3)
  A storm dragon (Vaults:4)
  A tengu reaver (Vaults:3)
  Ilsuiw (Shoals:2)
  A nagaraja (Snake:1)
  8 vault wardens
  5 deep elf sorcerers (Elf:3)
  Louise (Shoals:2)
  4 orc warlords
  5 deep elf elementalists (Elf:3)
  18 ironbound preservers
  3 stone giants
  8 ironbound thunderhulks
  2 war gargoyles (Vaults:4)
  6 deep elf demonologists (Elf:3)
  10 dire elephants
  Azrael (D:14)
  5 deep elf annihilators (Elf:3)
  4 deep elf death magi
  2 ettins
  A jiangshi (Vaults:3)
  4 merfolk javelineers
  A fire dragon (Lair:5)
  10 merfolk impalers
  12 yaktaur captains
  6 great orbs of eyes
  4 deep elf high priests
  An entropy weaver (Vaults:4)
  2 vault guards (Vaults:4)
  50 hydras
  8 centaur warriors
  7 merfolk avatars
  A peacekeeper (Vaults:4)
  2 ogre magi (Orc:2)
  12 two-headed ogres
  6 ironbound frosthearts
  A catoblepas (Lair:4)
  9 boulder beetles
  4 alligator snapping turtles
  2 merfolk aquamancers (Shoals:4)
  8 dancing weapons
  3 anacondas (Snake:1)
  5 tengu warriors
  9 death yaks
  An alligator (Lair:3)
  4 naga warriors (Snake:1)
  An orc high priest (Elf:2)
  A soul eater (Vaults:3)
  A shock serpent (Snake:1)
  6 deep elf knights
  4 skeletal warriors (D:14)
  2 skysharks
  2 goliath frogs (Lair:3)
  10 sea snakes
  A glowing orange brain (Vaults:4)
  60 deep trolls
  A swamp dragon (Lair:3)
  A naga ritualist (Snake:1)
  An orange crystal statue (Elf:3)
  11 harpies
  7 lindwurms
  2 necromancers
  22 ironbound convokers
  8 orc knights
  17 deep elf zephyrmancers
  6 wizards
  The ghost of Iniera the Insei, a novice DsGl (D:3)
  2 mana vipers (shapeshifter)
  13 ugly things
  16 deep elf pyromancers
  An orc sorcerer (Orc:2)
  7 manticores
  4 cyclopes
  8 fauns
  A moth of wrath (shapeshifter) (D:15)
  2 salamanders (Snake:1)
  20 vault sentinels
  22 elephants
  7 merfolk sirens
  6 naga magi (Snake:1)
  17 black mambas
  2 torpor snails (Lair:5)
  7 water nymphs
  11 cane toads
  An unseen horror (D:11)
  9 komodo dragons
  3 rime drakes (Lair:5)
  19 yaktaurs
  A gargoyle (D:12)
  A freezing wraith (Vaults:3)
  A polar bear (Lair:5)
  32 merfolk
  12 trolls
  A hornet (Lair:5)
  Prince Ribbit (D:7)
  5 wind drakes
  A hornet (shapeshifter) (D:14)
  9 blink frogs
  2 dream sheep (Shoals:4)
  8 snapping turtles
  13 slime creatures
  Sigmund (D:6)
  2 vampires
  3 shadows
  3 wraiths
  An air elemental (Elf:1)
  45 yaks
  4 basilisks
  5 water elementals
  6 wyverns
  2 fire elementals (D:14)
  A human (shapeshifter) (Elf:3)
  15 vampire mosquitoes
  Grum (D:11)
  A steam dragon (D:8)
  A redback (Vaults:4)
  12 nagas
  2 wargs
  Menkaure (D:6)
  2 swamp worms (Lair:3)
  Edmund (D:4)
  An acid dragon (D:14)
  13 water moccasins
  A swamp drake (Orc:2)
  4 hell hounds (D:14)
  16 orc warriors
  3 black bears
  An ice beast (D:8)
  21 ogres
  10 wolves
  11 centaurs
  2 phantoms (D:9)
  Blork the orc (D:4)
  2 kobold brigands
  6 bullfrogs
  5 gnoll sergeants
  4 earth elementals
  A scorpion (D:4)
  6 killer bees (D:7)
  4 troll zombies (D:9)
  3 howler monkeys
  4 electric eels (Lair:5)
  A crimson imp (Orc:2)
  An iron imp (Orc:2)
  A sleepcap (D:6)
  2 hounds
  Crazy Yiuf (D:2)
  10 orc priests
  5 jellies
  Jessica (D:2)
  3 iguanas
  26 orc wizards
  4 ogre zombies (D:9)
  Robin (D:2)
  A mummy (D:15)
  6 adders
  19 gnolls
  4 shadow imps
  5 white imps
  2 worms
  2 dart slugs (D:4)
  72 orcs
  2 endoplasms
  A giant cockroach (D:2)
  4 hobgoblins
  10 kobolds
  2 quokkas (D:3)
  5 ball pythons
  3 bats
  17 goblins
  3 goblin skeletons (D:9)
  3 goblin zombies (D:9)
  3 hobgoblin skeletons (D:9)
  4 hobgoblin zombies (D:9)
  An orc skeleton (D:9)
  11 orc zombies (D:9)
  2 rats
  A plant (Shoals:2)
  A tentacle (Shoals:4)
1174 creatures vanquished.

Vanquished Creatures (collateral kills)
  the Lernaean hydra (D:14)
  Rupert (D:13)
  Kirke (D:13)
  2 hydras (D:14)
  A merfolk aquamancer (Shoals:1)
  A centaur warrior (D:15)
  2 merfolk avatars (Shoals:2)
  A two-headed ogre (D:14)
  2 tengu warriors
  A wizard (D:14)
  2 cyclopes (D:15)
  A deep elf pyromancer (D:13)
  5 ugly things (D:14)
  A manticore (D:13)
  A merfolk (Shoals:2)
  6 meliai
  A snapping turtle (Shoals:2)
  A water elemental (Shoals:2)
  2 hogs (D:13)
  3 vampire mosquitoes (D:14)
36 creatures vanquished.

Vanquished Creatures (others)
  A sea snake (Shoals:1)
  A deep elf zephyrmancer (Elf:3)
  2 humans (D:13)
  A fire elemental (Elf:3)
  2 orc wizards
  4 orcs
  2 demonic plants (D:2)
  24 fungi
  140 plants
  3 tentacles (Shoals:4)
180 creatures vanquished.

Grand Total: 1390 creatures vanquished

Notes
Turn   | Place    | Note
-------+----------+-------------------------------------------
     0 | D:1      | dolemite99 the Hill Orc Fighter began the quest for the
                  | Orb.
     0 | D:1      | Reached XP level 1. HP: 19/19 MP: 1/1
   816 | D:2      | Reached XP level 2. HP: 26/26 MP: 2/2
   821 | D:2      | Noticed Jessica
   834 | D:2      | Killed Jessica
   835 | D:2      | Reached skill level 5 in Axes
   835 | D:2      | Reached XP level 3. HP: 31/31 MP: 3/3
  1179 | D:2      | Found a runed translucent door.
  1180 | D:2      | Noticed Crazy Yiuf
  1319 | D:2      | Noticed Robin
  1326 | D:2      | Reached XP level 4. HP: 39/39 MP: 4/4
  1338 | D:2      | Killed Robin
  1496 | D:2      | Found a faded altar of an unknown god.
  1496 | D:2      | Noticed a hellion
  1753 | D:3      | Found an iron altar of Okawaru.
  2597 | D:3      | Reached XP level 5. HP: 45/45 MP: 5/5
  2774 | D:3      | Found a runed translucent gate.
  2774 | D:3      | Found a runed translucent gate.
  2775 | D:3      | Found a runed translucent gate.
  3125 | D:3      | Noticed Iniera's ghost (novice DsGl)
  3446 | D:4      | Reached skill level 1 in Throwing
  3446 | D:4      | Reached XP level 6. HP: 51/51 MP: 6/6
  3720 | D:4      | Noticed Edmund
  3750 | D:4      | Killed Edmund
  3933 | D:4      | Reached XP level 7. HP: 34/57 MP: 7/7
  4338 | D:4      | Noticed Blork the orc
  4354 | D:4      | Killed Blork the orc
  4701 | D:4      | Found a glowing silver altar of Zin.
  4701 | D:4      | Noticed an angel
  4707 | D:4      | Became a worshipper of Zin the Law-Giver
  4707 | D:4      | Reached * piety under Zin
  4909 | D:5      | Entered Level 5 of the Dungeon
  5494 | D:5      | Reached skill level 5 in Maces & Flails
  5501 | D:5      | Reached ** piety under Zin
  5823 | D:6      | Noticed Menkaure
  5835 | D:6      | Killed Menkaure
  5839 | D:6      | Reached XP level 8. HP: 62/64 MP: 8/8
  6365 | D:6      | Found a hazy altar of Hepliaklqana.
  6365 | D:6      | Noticed Sigmund
  6367 | D:6      | Found a faded altar of an unknown god.
  6378 | D:6      | Killed Sigmund
  6895 | D:7      | Reached skill level 4 in Fighting
  6895 | D:7      | Reached XP level 9. HP: 73/73 MP: 9/9
  6941 | D:7      | Reached skill level 5 in Fighting
  7210 | D:7      | Found Xuhudomp's Antique Weapon Boutique.
  7337 | D:7      | Reached skill level 6 in Fighting
  7396 | D:7      | Found a staircase to the Ecumenical Temple.
  7405 | Temple   | Entered the Ecumenical Temple
  7405 | Temple   | Found a transporter.
  7405 | Temple   | Found a transporter.
  7407 | Temple   | Found a transporter.
  7407 | Temple   | Found a transporter.
  7424 | Temple   | Fell from the grace of Zin
  7424 | Temple   | Became a worshipper of the Shining One
  7424 | Temple   | Reached * piety under the Shining One
  7613 | D:7      | Noticed Prince Ribbit
  7649 | D:7      | Killed Prince Ribbit
  7650 | D:7      | Reached skill level 7 in Fighting
  7761 | D:7      | Identified the +4 chain mail of Wyq Cod {rPois Will- Regen+
                  | Dex-4}
  8393 | D:8      | Reached skill level 8 in Fighting
  8586 | D:8      | Found a basalt altar of Yredelemnul.
  8901 | D:8      | Found a staircase to the Lair.
  8919 | D:8      | Reached skill level 5 in Armour
  8934 | D:8      | Reached XP level 10. HP: 89/90 MP: 10/10
  9276 | D:9      | Reached skill level 10 in Maces & Flails
  9319 | D:9      | Reached ** piety under the Shining One
  9377 | D:9      | Reached *** piety under the Shining One
  9399 | D:9      | Found a staircase to the Orcish Mines.
  9427 | D:9      | Reached **** piety under the Shining One
  9551 | D:9      | Noticed a two-headed ogre
  9569 | D:9      | Killed a two-headed ogre
  9688 | D:9      | Found an ancient bone altar of Kikubaaqudgha.
 10084 | D:10     | Entered Level 10 of the Dungeon
 10311 | D:10     | Found a radiant altar of Vehumet.
 10422 | D:10     | Found an opulent altar of Gozag.
 10700 | D:10     | Found a large runed translucent door.
 10701 | D:10     | Found a large runed translucent door.
 10756 | D:10     | Noticed a cyclops
 10775 | D:10     | Noticed a centaur warrior
 10778 | D:10     | Noticed a naga warrior
 11157 | D:9      | Reached XP level 11. HP: 69/95 MP: 11/11
 11486 | D:11     | Noticed a two-headed ogre
 11631 | D:11     | Reached skill level 5 in Shields
 11811 | D:11     | Noticed a two-headed ogre
 11820 | D:11     | Killed a two-headed ogre
 12005 | D:11     | Noticed Grum
 12009 | D:11     | Reached ***** piety under the Shining One
 12012 | D:11     | Killed a two-headed ogre
 12043 | D:11     | Killed Grum
 12176 | D:11     | Identified the +0 robe "Jog Diadgh" {-Tele +Inv rCorr SInv}
 12659 | Lair:1   | Entered Level 1 of the Lair of Beasts
 12683 | D:8      | Reached skill level 9 in Fighting
 12810 | Lair:1   | Reached skill level 10 in Fighting
 12849 | Lair:1   | Reached skill level 1 in Invocations
 12952 | Lair:1   | Reached skill level 5 in Invocations
 13068 | Lair:1   | Reached XP level 12. HP: 100/107 MP: 14/16
 14024 | Lair:1   | Reached skill level 10 in Invocations
 14454 | Lair:2   | Found a staircase to the Shoals.
 14545 | Lair:2   | Found a staircase to the Snake Pit.
 14883 | Lair:2   | Found a white marble altar of Elyvilon.
 15574 | Lair:3   | Noticed a four-headed hydra
 15599 | Lair:3   | Killed a four-headed hydra
 15604 | Lair:3   | Noticed a five-headed hydra
 15619 | Lair:3   | Killed a five-headed hydra
 15634 | Lair:3   | Noticed an eight-headed hydra
 15647 | Lair:3   | Killed an eight-headed hydra
 15781 | Lair:3   | Reached XP level 13. HP: 90/114 MP: 19/23
 16166 | Lair:3   | Noticed Gastronok
 16180 | Lair:3   | Killed Gastronok
 16193 | Lair:3   | Reached skill level 15 in Invocations
 16740 | Lair:3   | Reached skill level 11 in Fighting
 17911 | Lair:4   | Reached skill level 10 in Armour
 17933 | Lair:4   | Identified a scroll of acquirement
 17933 | Lair:4   | Acquired a +2 eveningstar of flaming
 18186 | Lair:4   | Reached XP level 14. HP: 93/124 MP: 25/25
 18739 | Lair:5   | Entered Level 5 of the Lair of Beasts
 18760 | Lair:5   | Reached skill level 15 in Maces & Flails
 19119 | Lair:5   | Reached skill level 12 in Fighting
 19574 | D:2      | Killed Crazy Yiuf
 19730 | D:3      | Killed Iniera's ghost
 19952 | Lair:5   | Reached skill level 13 in Fighting
 20010 | Lair:5   | Found a staircase to the Slime Pits.
 20459 | Lair:5   | Reached skill level 1 in Evocations
 20846 | Lair:5   | Found a runed translucent door.
 21083 | Lair:5   | Paralysed by a hornet for 2 turns
 21089 | Lair:5   | Paralysed by a hornet for 3 turns
 21162 | D:8      | Acquired the +14 crystal plate armour of Wegic {rC+ Int+2}
 21226 | Orc:1    | Entered Level 1 of the Orcish Mines
 21451 | Orc:2    | Entered Level 2 of the Orcish Mines
 21520 | Orc:2    | Noticed Jorgrun
 21530 | Orc:2    | Killed Jorgrun
 21531 | Orc:2    | Reached skill level 5 in Evocations
 21531 | Orc:2    | Reached XP level 15. HP: 137/137 MP: 16/26
 21778 | Orc:2    | Found Veclesubb's Book Emporium.
 21909 | Orc:2    | Found Leexziu's Assorted Antiques.
 21915 | Orc:2    | Found Miotas's Antique Weapon Emporium.
 21917 | Orc:2    | Found Dicobbuv's Antique Armour Shop.
 21927 | Orc:2    | Found Ceilu's Armour Shoppe.
 21941 | Orc:2    | Bought the +3 crown of Dyrovepreva {rElec Int+2 SInv} for
                  | 538 gold pieces
 21941 | Orc:2    | Found the +3 crown of Dyrovepreva {rElec Int+2 SInv}
 21977 | Orc:2    | Bought a transparent chain mail for 190 gold pieces
 21977 | Orc:2    | Identified the +4 chain mail "Noalam Gau" {rElec Int+4}
                  | (You bought it in a shop on level 2 of the Orcish Mines)
 21983 | Orc:2    | Bought an iridescent morningstar for 279 gold pieces
 21983 | Orc:2    | Identified the +4 morningstar "Etud" {venom, rElec rC+
                  | Int+2} (You bought it in a shop on level 2 of the Orcish
                  | Mines)
 22001 | Orc:2    | Learned a level 3 spell: Inner Flame
 22005 | Orc:2    | Learned a level 3 spell: Teleport Other
 22010 | Orc:2    | Learned a level 4 spell: Summon Lightning Spire
 22270 | Orc:2    | Found a staircase to the Elven Halls.
 23272 | D:12     | Reached skill level 14 in Fighting
 23630 | D:13     | Noticed Kirke
 23635 | D:13     | Identified the +0 tower shield of Protective Custody
                  | {Str+3}
 23642 | D:13     | Killed Kirke
 23647 | D:13     | Noticed Rupert
 23653 | D:13     | Killed Rupert
 23867 | D:13     | Noticed Nessos
 23871 | D:13     | Nessos changed into Nessos the yaktaur
 23871 | D:13     | Noticed Nessos
 23875 | D:13     | Killed Nessos the yaktaur
 23933 | D:13     | Reached skill level 15 in Fighting
 24394 | D:14     | Noticed Azrael
 24415 | D:14     | Killed Azrael
 24431 | D:14     | Identified the +1 ring mail "Yngobuqut" {rF+ Int+6}
 24589 | D:14     | Reached XP level 16. HP: 140/149 MP: 27/27
 24648 | D:14     | Found a runed translucent door.
 24887 | D:14     | Found a gate to the Vaults.
 25403 | D:14     | Found a runed translucent door.
 25770 | D:14     | Found a runed translucent door.
 25790 | D:14     | Found a runed translucent door.
 25790 | D:14     | Noticed the 27-headed Lernaean hydra
 25793 | D:14     | Found a runed translucent door.
 25809 | D:14     | Killed the 26-headed Lernaean hydra
 25810 | D:14     | Reached skill level 15 in Armour
 25818 | D:14     | Identified the +2 scale mail "Hypp" {Fly rC- rN+ Int+7}
 25932 | D:15     | Entered Level 15 of the Dungeon
 26059 | D:15     | Found a shimmering blue altar of Sif Muna.
 26208 | D:15     | Reached XP level 17. HP: 140/156 MP: 30/30
 26313 | D:15     | Found a staircase to the Depths.
 26692 | D:15     | Found a snail-covered altar of Cheibriados.
 26937 | Shoals:1 | Entered Level 1 of the Shoals
 27130 | Shoals:1 | Identified the +0 cloak "Kesouguw" {Str+3}
 27961 | Shoals:1 | Got Ciohytya's Anthology of Topological Refrigeration
 28218 | Shoals:2 | Noticed Ilsuiw
 28228 | Shoals:2 | Killed Ilsuiw
 28237 | Shoals:2 | Noticed Mlioglotl
 28586 | Shoals:2 | Killed Mlioglotl
 29346 | Shoals:2 | Noticed Louise
 29356 | Shoals:2 | Killed Louise
 31110 | Snake:1  | Entered Level 1 of the Snake Pit
 31297 | Snake:1  | Reached skill level 10 in Shields
 32901 | Snake:1  | Identified the +1 shortbow "Buog" {freeze, Int-2 Dex+5}
 33364 | Snake:1  | Identified the +8 rapier of Fee Simple {heavy, Stlth+}
 33840 | Shoals:4 | Entered Level 4 of the Shoals
 33861 | Shoals:4 | Found Obbi's Book Boutique.
 34173 | Shoals:4 | Reached XP level 18. HP: 141/163 MP: 31/31
 34774 | Shoals:4 | Identified the +2 halberd of Truth {vamp, rC+ Will+ Stlth+}
 35586 | Shoals:4 | Identified the +10 long sword "Weemaxo" {antimagic, Fly}
 36308 | Shoals:4 | Reached skill level 15 in Shields
 36636 | Shoals:4 | Got a barnacled rune of Zot
 36919 | Elf:1    | Entered Level 1 of the Elven Halls
 37647 | Elf:1    | Identified the +1 spear of Kumpem {heavy, Str+4}
 37702 | Elf:1    | Got Weaggin's Omnibus of the Quantum Burn
 38421 | Elf:2    | Noticed Zenata
 38856 | Vaults:1 | Entered Level 1 of the Vaults
 39225 | Vaults:1 | You fall into a shaft and drop 1 floor!
 40128 | Vaults:2 | Noticed Xtahua
 40140 | Vaults:2 | Killed Xtahua
 40141 | Vaults:2 | Reached XP level 19. HP: 44/170 MP: 16/32
 40568 | Vaults:1 | Reached skill level 16 in Fighting
 41394 | Vaults:1 | Reached skill level 17 in Fighting
 42371 | Vaults:1 | Reached skill level 5 in Throwing
 46814 | Vaults:3 | Reached XP level 20. HP: 135/184 MP: 27/33
 46815 | Vaults:3 | Reached skill level 10 in Throwing
 48365 | Vaults:3 | Identified the +1 morningstar of the Coin {flame, Str+2
                  | Int+4}
 48425 | Vaults:3 | Identified the +5 ring mail of Fedhas's Whim {rPois rF+
                  | rN+}
 48482 | Vaults:3 | Found a staircase to the Crypt.
 48605 | Vaults:4 | Found Derch's Book Shoppe.
 48798 | Vaults:4 | Noticed Frederick
 48819 | Vaults:4 | Killed Frederick
 50316 | Vaults:4 | Reached skill level 18 in Fighting
 50578 | Vaults:4 | Paralysed by a sphinx for 4 turns
 50976 | Vaults:4 | Reached skill level 19 in Fighting
 51114 | Vaults:4 | Reached XP level 21. HP: 188/198 MP: 34/34
 51881 | Elf:2    | Killed Zenata
 52176 | Elf:2    | Found a huge runed translucent gate.
 52176 | Elf:2    | Found a huge runed translucent gate.
 52176 | Elf:2    | Found a huge runed translucent gate.
 52176 | Elf:2    | Found a huge runed translucent gate.
 52176 | Elf:2    | Found a huge runed translucent gate.
 52499 | Elf:2    | Found Yhix's Assorted Antiques.
 52516 | Elf:2    | Reached skill level 20 in Fighting
 52664 | Elf:3    | Entered Level 3 of the Elven Halls
 53954 | Elf:3    | Reached skill level 21 in Fighting
 54330 | Elf:3    | Identified the +2 lajatang of Huseegatt {protect, *Rage
                  | rElec rN+ Dex+3}
 54788 | Elf:3    | Noticed Mara
 54789 | Elf:3    | Noticed dolemite99's illusion
 54843 | Elf:3    | Identified the +1 scale mail of the Heron {Str+4 Int+4}
 54846 | Elf:3    | Identified the +10 quarterstaff "Kidwoas" {flame, rPois rN+
                  | Will- Dex+3}
 54881 | Elf:3    | Killed from afar by a deep elf annihilator

Illustrated notes

Levels and vault maps discovered:
D:1:      minmay_arrival_up_and_down, layout_basic, corner_web_ring
D:2:      layout_loops_corners, dreamdust_ecumenical_altar_sealed_demon,
          uniq_crazy_yiuf_cottage, uniq_robin, uniq_jessica
D:3:      layout_loops_corners, mainiacjoe_overflow_paths,
          ebering_ghost_rock_garden
D:4:      layout_basic, zin_angel, reono_crystal_passage, uniq_edmund,
          uniq_blork_the_orc
D:5:      layout_cave_pools
D:6:      layout_cave_pools, beargit_hepliaklqana_dungeon_heroes, uniq_menkaure
D:7:      layout_basic, minmay_temple_entry_antechambers, serial_shops, shop,
          uniq_prince_ribbit1
D:8:      layout_basic, mainiacjoe_overflow_tiny_flanked, david_lair_generic,
          enter_bailey_2
D:9:      layout_basic, marbit_many_paths, zombieorc2_lemuel
D:10:     okawaru_arena_lexackson, layout_gridville,
          mainiacjoe_overflow_24_doors, grunt_gozag_breadcrumbs,
          roderic_serpentine_path, nicolae_fountain_basement
D:11:     layout_cave_pods, evilmike_minifort, uniq_grum
D:12:     layout_cave_pools, serial_glass, glass_columns_b, glass_columns_a,
          minivault_16
D:13:     layout_basic, uniq_kirke, uniq_rupert, uniq_nessos
D:14:     layout_gridville, david_vaults_1, minmay_staircase_windowed_small,
          nicolae_hydra_factorization, uniq_azrael
D:15:     grunt_enter_depths_snipers, layout_basic, lemuel_blue_sif_altar,
          slow_altar_2
Temple:   hellmonk_temple_divided_pantheon
Lair:1:   layout_hall_layers, gauntlet_entry_generic, st_stairs_6, minivault_26,
          grunt_megastairs_5
Lair:2:   layout_regular_city, nicolae_shoals_entry_roost,
          guppyfry_snake_entry_garden, lemuel_centaur_altar
Lair:3:   onia_ninara_swampy_vault, layout_cave_shapes, serial_bayou_crossing,
          uniq_gastronok
Lair:4:   layout_misc_corridors, minmay_shattered_shrine, lemuel_fruit_fields,
          lemuel_fruit_tree, infiniplex_staircase_pool
Lair:5:   wormcave, layout_layer_cave, slime_entry_1, serial_bayou,
          serial_bayou_lagoon_a, serial_bayou_ford_a, serial_bayou_lake_a,
          serial_bayou_pond_d, nicolae_volcano_entry_s_turn, grunt_megastairs_4
Shoals:1: cheibrodos_shoals_epimethial_gifts, layout_shoals
Shoals:2: layout_shoals, uniq_louise, uniq_mlioglotl, uniq_ilsuiw
Shoals:3: layout_shoals
Shoals:4: shoals_end_hangedman, layout_shoals, serial_shops,
          nicolae_shop_hallway_plus, nicolae_shoals_seven_spires,
          nicolae_shoals_this_corrosion
Snake:1:  layout_misc_corridors, nicolae_snake_yet_another_twisty_hallway,
          nicolae_snake_gridmaze_swirls, nicolae_snake_storage_room
Orc:1:    layout_caves, uniq_nergalle
Orc:2:    st_orc_open, layout_diamond_mine, serial_shops, nicolae_shop_crystal,
          hangedman_minor_magic, uniq_jorgrun
Elf:1:    layout_gridlike, kennysheep_underground_church, dk_noncrumbling_3,
          st_stairs_12
Elf:2:    elven_hall_of_blades_hangedman_alternative
          [nicolae_blade_entry_area_security], layout_gridlike, serial_shops,
          nicolae_shop_overgrown_old_shop, uniq_saint_roka, uniq_zenata,
          uniq_agnes
Elf:3:    elf_hall, layout_loops_corners, minivault_16, uniq_mara
Vaults:1: infiniplex_enter_wizlab_glasses, ontoclasm_vaults_shuriken,
          hangedman_vaults_corner, v_rooms_4, v_rooms_6,
          ontoclasm_vaults_loading_screen, v_misc_27, vaults_room_pool,
          ontoclasm_vaults_gateway, vaults_mumra_minichess_inversion,
          grunt_vaults_hallway_short, v_misc_12, vaults_dpeg_hooks,
          layout_vaults_chaotic_city
Vaults:2: nicolae_vaults_little_squares_2, v_misc_5,
          nicolae_vaults_windows_and_doors_thing, v_misc_27,
          vaults_room_grunt_arrival_ludios, dpeg_vaults_monster_box,
          serial_ice_b, layout_vaults_omnigrid, uniq_xtahua
Vaults:3: vaults_room_octagon, nicolae_vaults_triangles, v_misc_23,
          vaults_mumra_lcd, v_misc_16, v_misc_26, v_misc_4,
          ontoclasm_vaults_fault, nicolae_vaults_mini_display_case, v_misc_17,
          nicolae_vaults_alarming, minmay_crypt_entry_simple_round,
          vaults_room_hangedman_quadrants, v_misc_22, nicolae_vaults_gold_heap,
          ontoclasm_vaults_twist, layout_vaults_big_cross
Vaults:4: v_misc_5, v_misc_13, v_misc_19, hangedman_vaults_hard_town_square,
          nicolae_vaults_rhombus_5, vaults_room_ringed_pool,
          hangedman_vaults_capsules, vaults_room_boxed, v_alt_pattern_3,
          nicolae_vaults_what_the_h, ontoclasm_vaults_ligature,
          vaults_dpeg_ring, vaults_dpeg_diagonal,
          nicolae_vaults_disjoint_gnomons, grunt_vaults_focal,
          layout_vaults_maze, serial_shops, nicolae_shop_window_shopping,
          uniq_frederick

Skill      XL: |  1  2  3  4  5  6  7  8  9 10 11 12 13 14 15 16 17 18 19 20 21 |
---------------+----------------------------------------------------------------+-----
Axes           | 3 5 6 7 |  7.3
Throwing       | 1 3 9 12 | 12.9
Maces & Flails | 2 6 9 13 14 15 | 15.5
Fighting       | 4 8 10 11 13 15 17 19 21 | 21.8
Armour         | 6 7 10 11 12 15 17 | 17.8
Shields        | 4 8 12 17 | 17.2
Invocations    | 5 14 15 18 | 18.0
Evocations     | 5 9 |  9.8

Action                     |  1- 3 |  4- 6 |  7- 9 | 10-12 | 13-15 | 16-18 | 19-21 || total
---------------------------+-------+-------+-------+-------+-------+-------+-------++-------
  Melee: War axe           |    54 |   103 |    15 |       |       |       |       ||   172
         Flail             |       |     4 |   302 |    11 |       |       |       ||   317
         Morningstar       |       |       |       |   518 |   122 |       |       ||   640
         Eveningstar       |       |       |       |       |   668 |   962 |   908 ||  2538
  Throw: Boomerang         |       |     9 |    82 |   125 |   229 |   101 |   177 ||   723
         Dart              |       |       |       |       |    27 |    26 |     3 ||    56
         Javelin           |       |       |       |       |       |     8 |    11 ||    19
         Throwing net      |       |       |       |       |       |     1 |       ||     1
 Invoke: Divine Shield     |       |       |       |     6 |     9 |     5 |     1 ||    21
         Cleansing Flame   |       |       |       |     1 |    19 |    38 |    54 ||   112
         Summon Divine War |       |       |       |       |     3 |     8 |       ||    11
  Evoke: Wand              |       |       |     5 |     9 |    30 |    92 |    20 ||   156
         Condenser vane    |       |       |       |     1 |     3 |     9 |     8 ||    21
         Phial of floods   |       |       |       |       |       |     5 |     4 ||     9
         Tin of tremorston |       |       |       |       |       |     4 |    12 ||    16
    Use: Scroll            |       |     8 |     8 |    11 |    11 |     8 |     7 ||    53
         Potion            |       |     2 |       |     4 |     4 |    16 |     3 ||    29
 Armour: Scale mail        |    31 |    50 |   112 |       |       |       |       ||   193
         Plate armour      |       |       |   108 |   269 |   251 |       |       ||   628
         Crystal plate arm |       |       |       |       |   212 |   700 |   604 ||  1516
  Dodge: Dodged            |    16 |    48 |   139 |   286 |   263 |   265 |   102 ||  1119
  Block: Buckler           |    12 |    25 |    58 |    47 |       |       |       ||   142
         Kite shield       |       |       |       |   307 |   610 |   158 |       ||  1075
         Tower shield      |       |       |       |       |       |   571 |   756 ||  1327

Table legend: (Time is in decaauts)
 A = Elapsed time spent in this place.
 B = Non-inter-level travel time spent in this place.
 C = Inter-level travel time spent in this place.
 D = Time resting spent in this place.
 E = Time spent auto-exploring this place.
 F = Levels seen in this place.
 G = Mean time per level.
                   A        B        C        D        E       F      G
               +--------+--------+--------+--------+--------+-----+--------+
         Total |  55253 |  51116 |   4137 |  19901 |  19823 |  35 | 1578.7 |
       Dungeon |  18102 |  15595 |   2507 |   3450 |   8564 |  15 | 1206.8 |
        Temple |     34 |     34 |      0 |      0 |      2 |   1 |   34.0 |
          Lair |   8320 |   7788 |    532 |   2499 |   3327 |   5 | 1664.0 |
        Shoals |   7446 |   7142 |    304 |   3313 |   1971 |   4 | 1861.5 |
     Snake Pit |   2602 |   2551 |     51 |   1746 |    457 |   1 | 2602.0 |
  Orcish Mines |   1590 |   1351 |    239 |    196 |    592 |   2 |  795.0 |
   Elven Halls |   4439 |   4273 |    166 |   1985 |   1232 |   3 | 1479.7 |
        Vaults |  12716 |  12381 |    335 |   6710 |   3677 |   4 | 3179.0 |
               +--------+--------+--------+--------+--------+-----+--------+

Top non-repeatable levels by time:
Vaults:2: 4483 daAuts
Vaults:4: 2931 daAuts
Shoals:4: 2910 daAuts
Vaults:3: 2656 daAuts
Vaults:1: 2645 daAuts
 Snake:1: 2602 daAuts
   Elf:3: 2192 daAuts
  Lair:3: 1955 daAuts
    D:14: 1798 daAuts
Shoals:3: 1759 daAuts
     D:7: 1728 daAuts
     D:3: 1702 daAuts
     D:4: 1680 daAuts
  Lair:2: 1629 daAuts
  Lair:4: 1622 daAuts
